 Dungeon Crawl Stone Soup version 0.22.0-60-ga52c2fcf6e (webtiles) character file.

184954 IceCat the Severer (level 18, -4/95 HPs)
             Began as a Gargoyle Gladiator on Sept 10, 2018.
             Was an Initiate of Gozag.
             Slain by an Executioner (13 damage)
             ... on level 2 of the Abyss.
             The game lasted 02:17:17 (28481 turns).

IceCat the Severer (Gargoyle Gladiator)            Turns: 28481, Time: 02:17:17

Health: -4/95      AC: 47    Str: 27 (28) XL:     18   Next: 42%
Magic:  0/22       EV: 14    Int: 12      God:    Gozag
Gold:   3570       SH:  0    Dex: 17      Spells: 23/23 levels left

rFire    + + .     SeeInvis .   N - +5 battleaxe (flame)
rCold    + + +     Gourm    +   (shield currently unavailable)
rNeg     + . .     Faith    .   E - +12 plate armour of the Gate {Str+5 Int+3 Stlth-}
rPois    ∞         Spirit   +   d - +2 hat
rElec    +         Reflect  .   v - scarf {Spirit}
rCorr    .         Harm     .   z - +2 pair of gloves
MR       ++...                  a - +0 pair of boots {Stlth+}
Stlth    ..........             y - amulet of Xom's Malicious Joy {Gourm Dex+3 Slay+3}
HPRegen  0.25/turn              s - ring of Nuozualy {+Inv rElec rC++ MR+}
MPRegen  0.18/turn              x - ring of Rakeri {rF++ rC+}

@: confused, gold aura, flying
A: big wings, deterioration 1[+1], [frail 2], negative energy resistance 1,
electricity resistance, unbreathing, petrification resistance, rot immunity, AC
+13
a: Stop Flying, Potion Petition, Call Merchant, Bribe Branch, Renounce Religion,
Evoke Invisibility


You were on level 2 of the Abyss.
You worshipped Gozag.
Gozag was most pleased with you.
You were not hungry.

You visited 5 branches of the dungeon, and saw 28 of its levels.
You visited the Abyss 1 time.
You also visited: Labyrinth and Ice Cave.

You collected 12441 gold pieces.
You spent 5198 gold pieces at shops.
You paid 3673 gold pieces to Gozag.

Inventory:

Hand Weapons
 r - a +5 executioner's axe of draining
 M - a +2 war axe of electrocution
 N - a +5 battleaxe of flaming (weapon)
 Z - the +6 hunting sling of the Ghost {flame, rN+ Str+4 Int+2}
   (You found it on level 3 of the Shoals)

   It causes projectiles fired from it to burn those they strike, causing extra
   injury to most foes and up to half again as much damage against particularly
   susceptible opponents.
   It affects your strength (+4).
   It affects your intelligence (+2).
   It protects you from negative energy.
Missiles
 A - 19 javelins
 O - 29 javelins of returning (quivered)
 V - 9 throwing nets
Armour
 a - a +0 pair of boots of stealth (worn)
 d - a +2 hat (worn)
 i - the +1 scale mail of Parchian {rPois rF+}
   (You found it on level 10 of the Dungeon)

   It protects you from fire.
   It protects you from poison.
 v - a scarf of spirit shield (worn)
 w - a +0 buckler
 z - a +2 pair of gloves (worn)
 E - the +12 plate armour of the Gate (worn) {Str+5 Int+3 Stlth-}
   (You bought it in a shop on level 14 of the Dungeon)

   It affects your strength (+5).
   It affects your intelligence (+3).
   It makes you less stealthy.
 K - the +1 animal skin of Beauty {rC- rN+ Str-5 Int+10}
   (You found it on level 2 of the Shoals)

   It affects your strength (-5).
   It affects your intelligence (+10).
   It makes you vulnerable to cold.
   It protects you from negative energy.
Magical Staves
 G - an uncursed staff of wizardry
Jewellery
 s - the ring of Nuozualy (left hand) {+Inv rElec rC++ MR+}
   (You bought it in a shop on level 2 of the Orcish Mines)

   [ring of protection from magic]

   It greatly protects you from cold.
   It insulates you from electricity.
   It affects your resistance to hostile enchantments.
   It lets you turn invisible.
 x - the ring of Rakeri (right hand) {rF++ rC+}
   (You bought it in a shop on level 2 of the Orcish Mines)

   [ring of protection from cold]

   It greatly protects you from fire.
   It protects you from cold.
 y - the amulet of Xom's Malicious Joy (around neck) {Gourm Dex+3 Slay+3}
   (You found it on level 6 of the Dungeon)

   [amulet of the gourmand]

   It allows you to eat raw meat even when not hungry.
   It affects your dexterity (+3).
   It affects your accuracy and damage with ranged weapons and melee attacks
   (+3).
 J - an uncursed amulet of rage
 W - an uncursed ring of positive energy
 X - an uncursed ring of resist corrosion
Wands
 j - a wand of digging (35)
 n - a wand of disintegration (15)
 C - a wand of flame (85)
 H - a wand of clouds (4)
 Q - a wand of acid (15)
 R - a wand of paralysis (14)
 T - a wand of iceblast (17)
Scrolls
 b - a scroll of summoning {unknown}
 g - 7 scrolls of amnesia
 h - 10 scrolls of remove curse
 l - 2 scrolls of fear
 o - 12 scrolls of teleportation
 q - 5 scrolls of enchant armour
 u - 6 scrolls of magic mapping
 F - 2 scrolls of holy word
 L - a scroll of identify
 U - 2 scrolls of blinking
 Y - a scroll of silence
Potions
 e - 3 potions of heal wounds
 k - a potion of cancellation
 m - 7 potions of curing
 p - 3 potions of mutation
 t - a potion of resistance
 I - 4 potions of brilliance
Comestibles
 f - 24 rations


   Skills:
 + Level 15.4 Fighting
 + Level 19.8 Axes
 + Level 9.3 Throwing
 + Level 10.0 Armour
 * Level 10.5 Dodging
 - Level 3.0 Stealth
 + Level 5.0 Shields
 * Level 3.0 Spellcasting
 + Level 0.1 Evocations


You had 23 spell levels left.
You didn't know any spells.
Your spell library contained the following spells:

 Spells                   Type           Power        Failure   Level  Hunger
 Animate Skeleton         Necr           N/A          91%         1    #......
 Apportation              Tloc           #.....       91%         1    #......
 Beastly Appendage        Tmut           #.....       91%         1    #......
 Confusing Touch          Hex            #.....       91%         1    #......
 Corona                   Hex            #......      91%         1    #......
 Infusion                 Chrm           #...         91%         1    #......
 Magic Dart               Conj           #...         91%         1    #......
 Sandblast                Erth           #.....       91%         1    #......
 Summon Small Mammal      Summ           #...         91%         1    #......
 Blink                    Tloc           N/A          97%         2    ###....
 Call Imp                 Summ           #.......     97%         2    ###....
 Corpse Rot               Necr           N/A          97%         2    ###....
 Ensorcelled Hibernation  Hex/Ice        #.....       97%         2    ###....
 Passwall                 Tmut/Erth      #.......     97%         2    ###....
 Shroud of Golubria       Chrm/Tloc      #.........   97%         2    ###....
 Slow                     Hex            #.......     97%         2    ###....
 Song of Slaying          Chrm           #.......     97%         2    ###....
 Sticks to Snakes         Tmut           #.......     97%         2    ###....
 Confuse                  Hex            #.......     99%         3    ###....
 Conjure Flame            Conj/Fire      #.......     99%         3    ###....
 Dazzling Spray           Conj/Hex       #.....       99%         3    ###....
 Mephitic Cloud           Conj/Pois/Air  #.......     99%         3    ###....
 Recall                   Summ/Tloc      N/A          99%         3    ###....
 Regeneration             Chrm/Necr      #.........   99%         3    ###....
 Spectral Weapon          Hex/Chrm       #.......     99%         3    ###....
 Spider Form              Tmut/Pois      #.........   99%         3    ###....
 Stone Arrow              Conj/Erth      #.....       99%         3    ###....
 Tukima's Dance           Hex            #.......     99%         3    ###....
 Ice Form                 Ice/Tmut       #.......     100%        4    #####..
 Petrify                  Tmut/Erth      #.......     100%        4    #####..
 Agony                    Necr           #.......     100%        5    ######.
 Aura of Abjuration       Summ           #.........   100%        5    ######.
 Blade Hands              Tmut           #.........   100%        5    ######.
 Bolt of Draining         Conj/Necr      #.........   100%        5    ######.
 Bolt of Magma            Conj/Fire/Erth #.........   100%        5    ######.
 Borgnjor's Vile Clutch   Necr/Erth      #.........   100%        5    ######.
 Dispel Undead            Necr           #.......     100%        5    ######.
 Excruciating Wounds      Chrm/Necr      #.........   100%        5    ######.
 Iskenderun's Battlesphe  Conj/Chrm      #.......     100%        5    ######.
 Lee's Rapid Deconstruct  Erth           #.........   100%        5    ######.
 Metabolic Englaciation   Hex/Ice        #.........   100%        5    ######.
 Silence                  Hex/Air        #.........   100%        5    ######.
 Summon Demon             Summ           #.........   100%        5    ######.
 Summon Forest            Summ/Tloc      #.........   100%        5    ######.
 Summon Mana Viper        Hex/Summ       #.......     100%        5    ######.
 Venom Bolt               Conj/Pois      #.........   100%        5    ######.
 Bolt of Cold             Conj/Ice       #.........   100%        6    #######
 Darkness                 Hex            #.........   100%        6    #######
 Freezing Cloud           Conj/Ice/Air   #.........   100%        6    #######
 Iron Shot                Conj/Erth      #.........   100%        6    #######
 Ozocubu's Refrigeration  Ice            #.........   100%        6    #######
 Shadow Creatures         Summ           N/A          100%        6    #######
 Simulacrum               Ice/Necr       #.........   100%        6    #######
 Orb of Destruction       Conj           #.........   100%        7    #######
 Spellforged Servitor     Conj/Summ      #.........   100%        7    #######
 Sublimation of Blood     Necr           Unusable     N/A         2    N/A

Dungeon Overview and Level Annotations

Branches:
Dungeon (15/15)            Temple (1/1) D:4            Lair (6/6) D:11
 Shoals (4/4) Lair:4        Snake (0/4) Lair:2        Slime (0/5) Lair:5
    Orc (2/2) D:10            Elf (0/3) Orc:2        Vaults (0/5) D:14
 Depths (0/5) D:15

Altars:
Ashenzari
Cheibriados
Dithmenos
Elyvilon
Fedhas
Gozag
Hepliaklqana
Kikubaaqudgha
Makhleb
Nemelex Xobeh
Okawaru
Qazlal
Ru
Sif Muna
Trog
Uskayaw
Vehumet
Wu Jian
Xom
Yredelemnul
Zin
The Shining One
Beogh

Shops:
D:11 (   D:14 [   Orc:1 :   Orc:2 ?!=*!   Lair:1 (   Shoals:3 *

Annotations:
D:14 3 runed doors, Vvilia's ghost, journeyman DECj


Innate Abilities, Weirdness & Mutations

You are resistant to torment.
Your stone body is resilient. (AC +13)
You are immune to poison.
Your large and strong wings let you fly indefinitely.
You resist negative energy. (rN+)
You are resistant to electric shocks. (rElec)
You can survive without breathing.
You are immune to petrification.
You are immune to rotting.
[Your body often deteriorates upon taking damage.]
[You are very frail. (-20% HP)]


Message History

You completely miss the golden eye. The Executioner closely misses you.
The Executioner hits you.
* * * LOW HITPOINT WARNING * * *
The Executioner closely misses you. The Executioner barely misses you.
The Executioner hits you but does no damage. x2
The golden eye blinks at you. You resist with almost no effort.
You closely miss the Executioner.
The Executioner is moderately wounded.
You slice the golden eye!! You burn the golden eye.
You kill the golden eye!
The Executioner hits you but does no damage. x3
The Executioner completely misses you. The Executioner misses you.
The Executioner hits you but does no damage. x3
The Executioner closely misses you.
You closely miss the Executioner.
The Executioner is moderately wounded.
The Executioner hits you!
You die...
Your body crumbles into a pile of gold.

#. . .# .#
..# # .. #.
##.# # #.# #
..## .. #..
#.. #... .#..
##..#..
#.........
#..
..$####.#...#
. # #
.#@..........
#
##1#$#....#.
. #G #$$###
#.#.. . ....#
# ...# .
>.####...
..#. . . ).
#.#.#.##.. .
. # # #.. . #
. . #.## . #
. # # #


You could see an Executioner.

Vanquished Creatures
  A bone dragon (Abyss:2)
  Rupert (Orc:2)
  A hellephant (Abyss:2)
  Gastronok (D:12)
  A kraken (Shoals:3)
  A tentacled starspawn (Abyss:2)
  A frost giant (D:14)
  Ilsuiw (Shoals:3)
  A deep elf sorcerer (Abyss:2)
  2 stone giants
  A lorocyproca (Abyss:2)
  A dire elephant (D:15)
  A minotaur (Lab)
  A white draconian (IceCv)
  Snorg (Lair:6)
  2 merfolk impalers
  2 merfolk javelineers (Shoals:2)
  2 ettins (Orc:1)
  Josephine (Orc:1)
  A fire dragon (Shoals:2)
  Erolcha (Orc:1)
  Harold (Orc:1)
  A vault guard (D:14)
  2 rakshasas (Abyss:2)
  2 merfolk avatars (Shoals:2)
  An ice dragon (Shoals:2)
  2 alligator snapping turtles
  A satyr (Shoals:3)
  7 hydras
  4 centaur warriors
  2 ogre magi (Orc:1)
  2 catoblepae
  A deep troll shaman (Lair:6)
  2 merfolk aquamancers
  8 death yaks
  A two-headed ogre (D:10)
  3 tengu warriors
  A thrashing horror (Abyss:2)
  Urug (D:12)
  An orc high priest (Orc:1)
  Sonja (Orc:2)
  A deep elf knight (D:14)
  3 wretched stars (Abyss:2)
  2 sixfirhies (Abyss:2)
  9 sea snakes
  An unseen horror (D:15)
  31 harpies
  An orb spider (shapeshifter) (D:14)
  10 orc knights
  A wolf spider zombie (D:14)
  7 large abominations (Abyss:2)
  An oklob plant (Lair:4)
  An orc sorcerer (Orc:2)
  2 deep elf magi
  10 manticores
  A wolf spider (D:15)
  11 ugly things
  30 cyclopes
  17 fauns
  2 worldbinders (Abyss:2)
  3 elephants (Lair:6)
  A rust devil (Abyss:2)
  8 merfolk sirens
  2 water nymphs
  4 black mambas
  2 smoke demons (Abyss:2)
  5 spiny frogs
  An orange demon (Abyss:2)
  2 centaur skeletons
  2 kobold demonologists (D:14)
  6 komodo dragons
  A freezing wraith (D:15)
  2 minotaur zombies (Lab)
  2 efreet
  A demonic crawler (Abyss:2)
  A tengu conjurer (D:15)
  2 rime drakes
  3 ancient zymes (Abyss:2)
  7 trolls
  A meliai (shapeshifter) (D:12)
  A hellwing (Abyss:2)
  18 merfolk
  5 wind drakes
  A meliai (D:14)
  A queen bee (D:11)
  A harpy skeleton (Abyss:2)
  4 hornets
  16 hippogriffs
  A raiju (shapeshifter) (D:14)
  14 polar bears
  16 raiju (Abyss:2)
  14 blink frogs
  A meliai zombie (D:14)
  A dream sheep (shapeshifter) (D:14)
  4 snapping turtles
  14 dream sheep
  12 slime creatures
  3 centaur simulacra (D:14)
  A redback (shapeshifter) (D:13)
  A ynoxinul (Abyss:2)
  An ice dragon skeleton (Abyss:2)
  4 wyverns
  6 water elementals
  3 shadows
  3 wraiths (Orc:1)
  A vampire (D:14)
  45 yaks
  3 basilisks
  A hungry ghost (D:11)
  13 golden eyes (Abyss:2)
  6 vampire mosquitoes
  2 chaos spawn (Abyss:2)
  13 wargs
  Edmund (D:5)
  A soldier ant (D:15)
  5 nagas (Lair:2)
  12 water moccasins
  8 porcupines
  2 hell hounds (Abyss:2)
  3 black bears
  52 orc warriors
  5 ice beasts
  4 necrophages (D:9)
  A phantom (D:7)
  3 sky beasts
  An eye of draining (D:11)
  An eye of draining (shapeshifter) (D:13)
  9 centaurs
  11 ogres
  46 wolves
  8 small abominations (Abyss:2)
  A big kobold (shapeshifter) (D:14)
  8 crocodiles
  6 big kobolds
  22 bullfrogs
  A water moccasin zombie (D:3)
  4 scorpions
  A wyvern skeleton (D:12)
  25 killer bees
  12 wights
  A howler monkey (D:3)
  2 electric eels (D:11)
  8 crimson imps
  7 bullfrog zombies
  8 starcursed masses (Abyss:2)
  2 quasits
  9 centaur zombies
  36 orc priests
  Crazy Yiuf (D:6)
  2 bullfrog skeletons
  3 hounds
  2 iron imps (Abyss:2)
  3 jellies
  18 orc wizards
  3 iguanas
  15 worker ants
  A hound zombie (D:2)
  A worker ant zombie (D:9)
  13 adders
  11 gnolls
  5 shadow imps
  A white imp (Abyss:2)
  2 ufetubi (Abyss:2)
  An ooze (D:3)
  3 adder skeletons
  A worm (D:3)
  2 dart slugs
  3 leopard geckos
  136 orcs
  7 bats
  5 giant cockroaches
  11 goblins
  8 hobgoblins
  19 jackals
  30 kobolds
  6 quokkas
  3 ball pythons
  2 frilled lizards
  A jackal skeleton (D:6)
  7 rats
  5 bushes (Shoals:2)
  A fungus (Lair:5)
  10 plants
  3 tentacles (Shoals:3)
1167 creatures vanquished.

Vanquished Creatures (others)
  A harpy (Shoals:2)
  A polar bear (IceCv)
  A redback (D:14)
  A steam dragon (Shoals:2)
  A small abomination (Abyss:2)
  An orc (Orc:2)
  A quokka (D:11)
  3 bushes
  2 fungi
  A lurking horror (Abyss:2)
  17 plants
  6 tentacles
36 creatures vanquished.

Grand Total: 1203 creatures vanquished

Notes
Turn   | Place    | Note
-------+----------+-------------------------------------------
     0 | D:1      | IceCat the Gargoyle Gladiator began the quest for the Orb.
     0 | D:1      | Reached XP level 1. HP: 12/12 MP: 1/1
   160 | D:1      | Reached XP level 2. HP: 17/17 MP: 2/2
   241 | D:1      | Reached skill level 3 in Axes
   744 | D:1      | Reached XP level 3. HP: 22/22 MP: 3/3
  1624 | D:2      | Reached XP level 4. HP: 20/27 MP: 4/4
  1819 | D:2      | Reached skill level 1 in Armour
  1978 | D:3      | Reached skill level 4 in Axes
  2122 | D:3      | Reached XP level 5. HP: 29/32 MP: 5/5
  2603 | D:4      | Noticed an ogre
  2629 | D:3      | Reached skill level 5 in Axes
  2629 | D:3      | Reached XP level 6. HP: 36/37 MP: 6/6
  3024 | D:4      | Found a staircase to the Ecumenical Temple.
  3040 | Temple   | Entered the Ecumenical Temple
  3106 | Temple   | Became a worshipper of Gozag Ym Sagoz the Greedy
  3266 | D:5      | Entered Level 5 of the Dungeon
  3269 | D:5      | Noticed Edmund
  3272 | D:4      | Reached XP level 7. HP: 41/41 MP: 7/7
  3416 | D:5      | Killed Edmund
  3416 | D:5      | Reached skill level 6 in Axes
  3507 | D:5      | Found a shattered altar of Ashenzari.
  3605 | D:5      | Reached XP level 8. HP: 48/48 MP: 8/8
  3872 | D:5      | Reached skill level 7 in Axes
  4128 | D:4      | Found an ancient bone altar of Kikubaaqudgha.
  4128 | D:4      | Found a white marble altar of Elyvilon.
  4326 | D:6      | Got a bound zirconium amulet
  4327 | D:6      | Identified the amulet of Xom's Malicious Joy {Gourm Dex+3
                  | Slay+3} (You found it on level 6 of the Dungeon)
  4626 | D:6      | Found an ornate altar of the Wu Jian Council.
  4640 | D:6      | Found an iron altar of Okawaru.
  4745 | D:6      | Reached skill level 1 in Shields
  4838 | D:6      | Found a runed door.
  4842 | D:6      | Noticed Crazy Yiuf
  4846 | D:6      | Killed Crazy Yiuf
  4846 | D:6      | Reached skill level 5 in Fighting
  4973 | D:7      | Reached XP level 9. HP: 40/54 MP: 9/9
  4974 | D:7      | Reached skill level 8 in Axes
  5028 | D:7      | Reached skill level 5 in Armour
  5138 | D:7      | Found an iron altar of Okawaru.
  5476 | D:8      | Reached skill level 9 in Axes
  5881 | D:8      | Found a hazy altar of Hepliaklqana.
  5961 | D:9      | Found a deep blue altar of Sif Muna.
  6038 | D:9      | Reached XP level 10. HP: 59/60 MP: 10/10
  6163 | D:9      | Got a fabulously ornate robe
  6174 | D:9      | Identified the +1 robe of the Original Sin {*Contam Dex+7
                  | Slay+2} (You found it on level 9 of the Dungeon)
  6233 | D:9      | Reached skill level 10 in Axes
  6486 | D:9      | Found a blossoming altar of Fedhas.
  6894 | D:10     | Entered Level 10 of the Dungeon
  7217 | D:10     | Noticed a two-headed ogre
  7332 | D:10     | Killed a two-headed ogre
  7465 | D:10     | Identified the +1 scale mail of Parchian {rPois rF+} (You
                  | found it on level 10 of the Dungeon)
  7913 | D:10     | Found a staircase to the Orcish Mines.
  7924 | D:10     | Reached skill level 11 in Axes
  7954 | D:10     | Found a roughly hewn altar of Beogh.
  8306 | D:11     | Reached skill level 5 in Dodging
  8351 | D:11     | Found a staircase to the Lair.
  8381 | D:10     | Reached XP level 11. HP: 19/67 MP: 6/11
  8940 | D:11     | Bought a +1 hand axe of flaming for 136 gold pieces
  8955 | D:11     | Identified the +5 ring mail "Oqeheuta" {rN+} (You found it
                  | on level 11 of the Dungeon)
  8981 | D:11     | Noticed a brown ugly thing
  8998 | D:11     | Killed a brown ugly thing
  9033 | D:11     | Noticed a cyan ugly thing
  9051 | D:11     | Killed a cyan ugly thing
  9137 | D:11     | Reached skill level 12 in Axes
  9726 | Orc:1    | Entered Level 1 of the Orcish Mines
  9729 | Orc:1    | Noticed a cyclops
  9796 | Lair:1   | Entered Level 1 of the Lair of Beasts
  9873 | Lair:1   | Found a labyrinth entrance.
  9901 | Lair:1   | Bought a runed battleaxe for 304 gold pieces
  9918 | Lair:1   | Reached skill level 1 in Stealth
  9933 | Lab      | Entered a labyrinth
 10288 | Lab      | Found an exit through the horrors of the Abyss.
 10323 | Lab      | Noticed a minotaur
 10343 | Lab      | Killed a minotaur
 10810 | Lair:1   | Reached skill level 5 in Shields
 10814 | Lair:1   | Reached XP level 12. HP: 54/75 MP: 12/12
 10993 | Lair:1   | Reached skill level 13 in Axes
 11283 | Lair:2   | Found a staircase to the Snake Pit.
 11419 | Lair:2   | Noticed a six-headed hydra
 11428 | Lair:2   | Killed a four-headed hydra
 12033 | Lair:3   | Reached skill level 14 in Axes
 12058 | Lair:3   | Found a frozen archway.
 12081 | IceCv    | Entered an ice cave
 12098 | IceCv    | Gained mutation: [Your body sometimes deteriorates upon
                  | taking damage.] [mutagenic glow]
 12212 | IceCv    | Reached skill level 10 in Fighting
 12290 | IceCv    | Reached XP level 13. HP: 66/82 MP: 13/13
 12462 | IceCv    | Noticed a white draconian
 12491 | IceCv    | Killed a white draconian
 12920 | Lair:3   | Reached skill level 15 in Axes
 13566 | Lair:4   | Found a staircase to the Shoals.
 13703 | Lair:4   | Found a shattered altar of Ashenzari.
 14715 | Lair:5   | Found a staircase to the Slime Pits.
 14782 | Lair:6   | Entered Level 6 of the Lair of Beasts
 14831 | Lair:6   | Gained mutation: Your large and strong wings let you fly
                  | indefinitely. [Gargoyle growth]
 14831 | Lair:6   | Reached XP level 14. HP: 62/90 MP: 11/14
 15063 | Lair:6   | Reached skill level 16 in Axes
 15645 | Lair:6   | Noticed Snorg
 15668 | Lair:6   | Killed Snorg
 17213 | Orc:1    | Noticed Erolcha
 17222 | Orc:1    | Killed Erolcha
 17359 | Orc:1    | Noticed Harold
 17379 | Orc:1    | Killed Harold
 18148 | Orc:1    | Found Popnoer's Book Boutique.
 18159 | Orc:1    | Noticed Josephine
 18169 | Orc:1    | Killed Josephine
 18394 | Orc:1    | Reached skill level 17 in Axes
 18400 | Orc:1    | Reached XP level 15. HP: 58/97 MP: 10/15
 18613 | Orc:1    | Reached skill level 5 in Throwing
 18693 | Orc:1    | Got an encrusted long sword
 18694 | Orc:1    | Identified the cursed +0 long sword "Bowkypp" {slice, Dex+5
                  | SInv} (You found it on level 1 of the Orcish Mines)
 18719 | Orc:1    | Got a steaming robe
 18730 | Orc:1    | Identified the +2 robe of Lesser Demons {Dex+3} (You found
                  | it on level 1 of the Orcish Mines)
 18851 | Orc:2    | Entered Level 2 of the Orcish Mines
 18891 | Orc:2    | Noticed Rupert
 18919 | Orc:2    | Killed Rupert
 19001 | Orc:2    | Noticed Sonja
 19009 | Orc:2    | Killed Sonja
 19550 | Orc:2    | Found Igusk's Magic Scroll Boutique.
 19550 | Orc:2    | Found Pine Eke's Distillery.
 19554 | Orc:2    | Bought a scroll of identify for 36 gold pieces
 19563 | Orc:2    | Bought 2 potions of heal wounds for 110 gold pieces
 19563 | Orc:2    | Bought a potion of might for 44 gold pieces
 19576 | Orc:2    | Found a roughly hewn altar of Beogh.
 19723 | Orc:2    | Found Ciosan's Assorted Antiques.
 19723 | Orc:2    | Found Goepni's Distillery.
 20023 | Orc:2    | Bought a potion of haste for 110 gold pieces
 20043 | Orc:2    | Bought a runed executioner's axe for 481 gold pieces
 20043 | Orc:2    | Bought a scroll labeled CUIMAI IKKY for 37 gold pieces
 20098 | Orc:2    | Found a staircase to the Elven Halls.
 20353 | Orc:2    | Bought the ring of Nuozualy {+Inv rElec rC++ MR+} for 1206
                  | gold pieces
 20353 | Orc:2    | Bought the ring of Rakeri {rF++ rC+} for 940 gold pieces
 20628 | D:12     | Noticed Urug
 20658 | D:12     | Killed Urug
 20816 | D:12     | Noticed Gastronok
 20848 | D:12     | Killed Gastronok
 21754 | D:13     | Found a roughly hewn altar of Beogh.
 22191 | D:14     | Reached XP level 16. HP: 94/104 MP: 13/16
 22212 | D:14     | Found a gate to the Vaults.
 22378 | D:14     | Found a runed gate.
 22378 | D:14     | Found a runed gate.
 22381 | D:14     | Noticed Vvilia's ghost (journeyman DECj)
 22382 | D:14     | Found a runed gate.
 22459 | D:14     | Reached skill level 18 in Axes
 22732 | D:14     | Got a shimmering arbalest
 22733 | D:14     | Identified the +8 arbalest "Zuum" {elec, +Blink +Inv Dex-2
                  | Stlth+} (You found it on level 14 of the Dungeon)
 22870 | D:14     | Found Torixas's Armour Shop.
 22874 | D:14     | Bought the +12 plate armour of the Gate {Str+5 Int+3
                  | Stlth-} for 1764 gold pieces
 23405 | D:15     | Entered Level 15 of the Dungeon
 23522 | D:15     | Found a staircase to the Depths.
 24368 | Shoals:1 | Entered Level 1 of the Shoals
 25353 | Shoals:2 | Reached XP level 17. HP: 70/111 MP: 10/17
 25875 | Shoals:2 | Reached skill level 19 in Axes
 26051 | Shoals:2 | Got a heavily runed animal skin
 26062 | Shoals:2 | Identified the +1 animal skin of Beauty {rC- rN+ Str-5
                  | Int+10} (You found it on level 2 of the Shoals)
 26586 | Shoals:3 | Found Engul's General Store.
 26596 | Shoals:3 | Bought a scroll of identify for 30 gold pieces
 26689 | Shoals:3 | Reached skill level 10 in Dodging
 26941 | Shoals:3 | Got an ancient hunting sling
 26942 | Shoals:3 | Identified the +6 hunting sling of the Ghost {flame, rN+
                  | Str+4 Int+2} (You found it on level 3 of the Shoals)
 26986 | Shoals:3 | Noticed a kraken
 26998 | Shoals:3 | Killed a kraken
 27212 | Shoals:3 | Noticed Ilsuiw
 27226 | Shoals:3 | Killed Ilsuiw
 27417 | Shoals:4 | Entered Level 4 of the Shoals
 27446 | Shoals:4 | Noticed a kraken
 27467 | Shoals:4 | Reached skill level 15 in Fighting
 27468 | Shoals:4 | Cast into level 2 of the Abyss (merfolk javelineer)
 27631 | Abyss:2  | Found a shimmering altar of Xom.
 27631 | Abyss:2  | Found a shimmering altar of Xom.
 27654 | Abyss:2  | Reached skill level 1 in Spellcasting
 27669 | Abyss:2  | Found a shimmering altar of Xom.
 27669 | Abyss:2  | Found a corrupted altar of Lugonu.
 27669 | Abyss:2  | Found a shimmering altar of Xom.
 27669 | Abyss:2  | Found a shimmering altar of Xom.
 27669 | Abyss:2  | Found a shimmering altar of Xom.
 27675 | Abyss:2  | Reached XP level 18. HP: 91/119 MP: 19/19
 27681 | Abyss:2  | Found a shimmering altar of Xom.
 27690 | Abyss:2  | Found a shimmering altar of Xom.
 27690 | Abyss:2  | Found a shimmering altar of Xom.
 27690 | Abyss:2  | Found a shimmering altar of Xom.
 27711 | Abyss:2  | Found a shimmering altar of Xom.
 27711 | Abyss:2  | Found a shimmering altar of Xom.
 27711 | Abyss:2  | Found a shimmering altar of Xom.
 27714 | Abyss:2  | Found a shimmering altar of Xom.
 27730 | Abyss:2  | Found a shimmering altar of Xom.
 27730 | Abyss:2  | Found a shimmering altar of Xom.
 27730 | Abyss:2  | Found a shimmering altar of Xom.
 27730 | Abyss:2  | Found a shimmering altar of Xom.
 27730 | Abyss:2  | Found a shimmering altar of Xom.
 27753 | Abyss:2  | Found a shimmering altar of Xom.
 27768 | Abyss:2  | Found a shimmering altar of Xom.
 27769 | Abyss:2  | Found a shimmering altar of Xom.
 27784 | Abyss:2  | Found a shimmering altar of Xom.
 27784 | Abyss:2  | Found a shimmering altar of Xom.
 27784 | Abyss:2  | Found a shimmering altar of Xom.
 27811 | Abyss:2  | Found a corrupted altar of Lugonu.
 27811 | Abyss:2  | Found a shimmering altar of Xom.
 27811 | Abyss:2  | Found a shimmering altar of Xom.
 27811 | Abyss:2  | Found a shimmering altar of Xom.
 27827 | Abyss:2  | Found a shimmering altar of Xom.
 27828 | Abyss:2  | Found a shimmering altar of Xom.
 27828 | Abyss:2  | Found a shimmering altar of Xom.
 27833 | Abyss:2  | Found a shimmering altar of Xom.
 27837 | Abyss:2  | Found a shimmering altar of Xom.
 28101 | Abyss:2  | Noticed a bone dragon
 28105 | Abyss:2  | Noticed a hellephant
 28117 | Abyss:2  | Killed a hellephant
 28125 | Abyss:2  | Killed a bone dragon
 28223 | Abyss:2  | Reached skill level 10 in Armour
 28481 | Abyss:2  | Slain by an Executioner

Skill      XL: |  1  2  3  4  5  6  7  8  9 10 11 12 13 14 15 16 17 18 |
---------------+-------------------------------------------------------+-----
Axes           | 3 4 5 6 7 9 11 12 14 15 17 18 19 | 19.8
Armour         | 1 2 3 4 5 6 7 8 9 10 | 10.0
Fighting       | 3 4 5 6 7 8 10 11 12 13 14 15 | 15.4
Dodging        | 3 4 5 6 7 8 9 10 | 10.5
Throwing       | 2 3 4 6 8 9 |  9.3
Shields        | 1 2 3 5 |  5.0
Stealth        | 2 3 |  3.0
Spellcasting   | 1 3 |  3.0
Evocations     | |  0.1

Action                   |  1- 3 |  4- 6 |  7- 9 | 10-12 | 13-15 | 16-18 || total
-------------------------+-------+-------+-------+-------+-------+-------++-------
Melee: War axe           |   108 |   177 |   396 |   283 |   198 |       ||  1162
       Hand axe          |       |       |     5 |   133 |       |       ||   138
       Battleaxe         |       |       |       |   195 |   762 |   902 ||  1859
       Executioner's axe |       |       |       |       |    65 |       ||    65
Throw: Throwing net      |       |     3 |       |       |     1 |       ||     4
       Javelin           |       |       |     5 |     4 |    30 |    32 ||    71
Invok: Potion Petition   |       |       |     1 |     1 |     1 |     3 ||     6
       Call Merchant     |       |       |       |     2 |     1 |       ||     3
 Abil: Fly               |       |       |       |       |     1 |       ||     1
Evoke: Wand              |       |       |       |       |     5 |       ||     5
  Use: Scroll            |       |       |    12 |     9 |    25 |     4 ||    50
       Potion            |       |       |       |     3 |     1 |    15 ||    19
 Stab: Held in net/web   |       |     1 |       |       |       |       ||     1
       Distracted        |       |       |     2 |     9 |    23 |    13 ||    47
       Sleeping          |       |       |       |     9 |     5 |       ||    14
       Invisible         |       |       |       |       |     2 |       ||     2
  Eat: Chunk             |     2 |     6 |       |       |       |       ||     8
       Ration            |       |       |     3 |     6 |    10 |     6 ||    25
Armor: Leather armour    |    20 |       |       |       |       |       ||    20
       Scale mail        |    33 |   114 |   216 |    37 |    38 |       ||   438
       Ring mail         |       |       |    31 |       |   309 |    36 ||   376
       Robe              |       |       |       |   139 |       |       ||   139
       Plate armour      |       |       |       |       |       |   868 ||   868
Dodge: Dodged            |    71 |   115 |   275 |   431 |   634 |   650 ||  2176
Block: Buckler           |       |       |    55 |   106 |       |       ||   161
